 Dungeon Crawl Stone Soup version 0.19.5 (webtiles) character file.

14 bobbobbob the Grave Robber (level 2, 0/19 HPs)
             Began as a Vampire Necromancer on Apr 19, 2017.
             Slain by an adder (1 damage)
             ... on level 2 of the Dungeon.
             The game lasted 00:11:09 (682 turns).

bobbobbob the Grave Robber (Vampire Necromancer)     Turns: 682, Time: 00:11:10

Health: 0/19       AC:  2    Str:  7    XL:     2   Next: 27%
Magic:  2/5        EV: 12    Int: 17    God:
Gold:   101        SH:  0    Dex: 14    Spells: 2 memorised, 3 levels left

rFire  . . .     SeeInvis +     (no weapon)
rCold  . . .     Gourm    .     a - +0 robe
rNeg   + . .     Faith    .     (no shield)
rPois  .         Spirit   .     (no helmet)
rElec  .         Reflect  .     (no cloak)
rCorr  .         Harm     .     (no gloves)
MR     .....                    (no boots)
Stlth  ++........               (no amulet)
                                (no ring)
                                (no ring)

@: no status effects
A: fangs 3, see invisible, unbreathing
a: no special abilities


You were on level 2 of the Dungeon.
You were not thirsty.

You visited 1 branch of the dungeon, and saw 2 of its levels.

You collected 101 gold pieces.

Inventory:

Hand Weapons
 j - a +0 dagger
Armour
 a - a +0 robe (worn)
 e - a +0 pair of gloves
 m - a +0 chain mail
Jewellery
 o - a +3 ring of dexterity {unknown}
 q - a cursed +4 amulet of reflection {unknown}
Scrolls
 d - a scroll of noise {unknown}
 g - a scroll of teleportation {unknown}
 k - a scroll of remove curse {unknown}
 l - a scroll of identify {unknown}
 p - a scroll of enchant armour {unknown}
Potions
 c - a potion of blood
 f - a potion of degeneration {unknown}
 h - a potion of mutation {unknown}
 i - a potion of ambrosia {unknown}
 n - a potion of brilliance {unknown}
Books
 b - a book of Necromancy

   Spells                             Type                      Level
   a - Pain                           Necromancy                   1
   b - Animate Skeleton               Necromancy                   1
   c - Vampiric Draining              Necromancy                   3
   d - Regeneration                   Charms/Necromancy            3
   e - Animate Dead                   Necromancy                   4
   f - Control Undead                 Necromancy                   4


   Skills:
 + Level 2.2 Dodging
 + Level 3.1 Stealth
 + Level 2.1 Spellcasting
 + Level 4.9 Necromancy


You had 3 spell levels left.
You knew the following spells:

 Your Spells              Type           Power        Failure   Level  Hunger
a - Pain                  Necr           ###.         2%          1    #......
b - Animate Skeleton      Necr           N/A          2%          1    #......


Dungeon Overview and Level Annotations

Branches:
Dungeon (2/15)

Altars:
Makhleb


Innate Abilities, Weirdness & Mutations

You have razor-sharp teeth.
You have supernaturally acute eyesight. (SInv)
You can survive without breathing.


Message History

Confirm with . or Enter, or press ? or * to list all spells.
Aiming: Pain
Press: ? - help, Shift-Dir - straight line, f - adder
Aim: an adder (chance to defeat MR: 84%)
The adder barely resists.
The adder bites you.
Casting: Pain
Confirm with . or Enter, or press ? or * to list all spells.
Aiming: Pain
Press: ? - help, Shift-Dir - straight line, f/p - adder
Aim: an adder (chance to defeat MR: 84%)
The adder writhes in agony!
The adder bites you.
* * * LOW HITPOINT WARNING * * *
An ooze comes into view.
Casting: Pain
Confirm with . or Enter, or press ? or * to list all spells.
Aiming: Pain
Press: ? - help, Shift-Dir - straight line, f/p - adder
Aim: an adder (severely wounded, chance to defeat MR: 84%)
The adder writhes in agony!
The adder bites you.
You die...

. .. ..$ ....
J.$..
###########......
#........@S......
#.####..###......
#................
#.%####.####.....
#..##.....## ....
#..#......%#..###
#..#.......#..#
#....._......#
#.#.......#..#


You could see an ooze and an adder.

Vanquished Creatures
  A leopard gecko (D:1)
  3 bats (D:1)
  2 giant cockroaches (D:1)
  A hobgoblin (D:2)
  2 kobolds (D:1)
  A rat (D:1)
10 creatures vanquished.

Vanquished Creatures (collateral kills)
  A bat (D:1)
1 creature vanquished.

Grand Total: 11 creatures vanquished

Notes
Turn   | Place    | Note
-------+----------+-------------------------------------------
     0 | D:1      | bobbobbob the Vampire Necromancer began the quest for the Orb.
     0 | D:1      | Reached XP level 1. HP: 13/13 MP: 3/3
    17 | D:1      | Learned a level 1 spell: Animate Skeleton
   195 | D:1      | Reached XP level 2. HP: 19/19 MP: 3/5
   593 | D:2      | Found a burning altar of Makhleb.
   682 | D:2      | Slain by an adder

Action                   || total
-------------------------++-------
 Cast: Pain              ||    24
       Animate Skeleton  ||     1
  Eat: Corpse            ||     4
Armor: Robe              ||     1
Dodge: Dodged            ||     2
